 Dungeon Crawl Stone Soup version 0.25.0 (webtiles) character file.

Game seed: 12389156997709855217

2193 grindst0ne the Covered (level 9, -17/57 HPs)
             Began as a Gargoyle Fighter on June 12, 2020.
             Killed from afar by Pikel (18 damage)
             ... with a bolt of acid
             ... on level 6 of the Dungeon.
             The game lasted 00:11:48 (6928 turns).

grindst0ne the Covered (Gargoyle Fighter)           Turns: 6928, Time: 00:11:49

Health: -17/57     AC: 11    Str: 24    XL:     9   Next: 34%
Magic:  9/9        EV:  8    Int:  8    God:
Gold:   218        SH: 13    Dex:  9    Spells: 8/8 levels left

rFire    . . .     SeeInvis .   a - +0 war axe
rCold    . . .     Gourm    .   w - +2 kite shield
rNeg     + . .     Faith    .   b - +0 scale mail
rPois    ∞         Spirit   .   t - +0 helmet
rElec    +         Reflect  .   (no cloak)
rCorr    .         Harm     .   (no gloves)
MR       .....                  (no boots)
Stlth    ..........             D - amulet of magic regeneration
HPRegen  0.19/turn              (no ring)
MPRegen  0.36/turn              (no ring)

@: corroded
A: negative energy resistance 1, electricity resistance, unbreathing,
petrification resistance, rot immunity, AC +6
a: no special abilities


You were on level 6 of the Dungeon.
You were not hungry.

You visited 1 branch of the dungeon, and saw 6 of its levels.
You also visited: Sewer.

You collected 218 gold pieces.

Inventory:

Hand Weapons
 a - a +0 war axe (weapon)
 F - a +2 hand axe of flaming
Missiles
 k - 15 boomerangs
 q - 28 poisoned darts (quivered)
Armour
 b - a +0 scale mail (worn)
 t - a +0 helmet (worn)
 u - a +0 chain mail
 w - a +2 kite shield (worn)
Jewellery
 D - an amulet of magic regeneration (around neck)
Wands
 s - a wand of polymorph (2)
 E - a wand of flame (10)
Scrolls
 c - a scroll of noise {unknown}
 g - a scroll of enchant armour
 h - 4 scrolls of remove curse
 i - 3 scrolls of amnesia {unknown}
 j - 2 scrolls of teleportation
 l - 3 scrolls of fear {unknown}
 p - a scroll of immolation
 r - a scroll of blinking {unknown}
 y - 6 scrolls of fog
 z - 2 scrolls of enchant weapon
 C - a scroll of magic mapping
Potions
 d - a potion of flight {unknown}
 e - a potion of brilliance
 n - a potion of cancellation {unknown}
 o - 3 potions of lignification
 v - 2 potions of magic
 x - 6 potions of heal wounds {unknown}
 A - a potion of might
 B - a potion of haste
 G - a potion of berserk rage
 H - a potion of mutation {unknown}
Comestibles
 f - 10 rations


   Skills:
 + Level 7.4 Fighting
 + Level 5.7 Axes
 + Level 7.4 Armour
 + Level 7.4 Shields


You had 8 spell levels left.
You didn't know any spells.
Your spell library contained the following spells:

 Spells                   Type           Power        Failure   Level  Hunger
 Animate Skeleton         Necr           N/A          95%         1    ##.....
 Beastly Appendage        Tmut           #.....       95%         1    ##.....
 Pain                     Necr           #...         95%         1    ##.....
 Sticks to Snakes         Tmut           #.......     98%         2    ###....
 Spider Form              Tmut/Pois      #.........   100%        3    ####...
 Vampiric Draining        Necr           #.........   100%        3    ####...
 Animate Dead             Necr           N/A          100%        4    #####..
 Ice Form                 Ice/Tmut       #.......     100%        4    #####..
 Agony                    Necr           #.......     100%        5    ######.
 Blade Hands              Tmut           #.........   100%        5    ######.


Dungeon Overview and Level Annotations

Branches:
Dungeon (6/15)              Sewer (visited)
 Temple: D:4-7

Altars:
Elyvilon
Makhleb
Okawaru
Ru
Sif Muna

Annotations:
D:6 Pikel


Innate Abilities, Weirdness & Mutations

You are resistant to torment.
Your stone body is resilient. (AC +6)
You are immune to poison.
You resist negative energy. (rN+)
You are resistant to electric shocks. (rElec)
You can survive without breathing.
You are immune to petrification.
You are immune to rotting.


Message History

Pikel is lightly wounded.
Pikel says, "I knew I should've brought a map."
Pikel hits you but does no damage.
You miss Pikel.
Pikel is lightly wounded.
Pikel hits you but does no damage.
Pikel zaps a wand.
The bolt of acid hits you.
You are splashed with acid!
You barely miss Pikel.
Pikel is lightly wounded.
You block Pikel's attack.
You slash Pikel!
Pikel is heavily wounded.
You block Pikel's attack.
You closely miss Pikel.
Pikel is heavily wounded.
Pikel zaps a wand.
The bolt of acid hits you!! The acid corrodes you!
You are splashed with acid!!
* * * LOW HITPOINT WARNING * * *
Pikel zaps a wand.
The bolt of acid hits you!!
You die...

.#.#...............#
._#
#..##...........(..#
..###.)............##
.###...............(#
####....)...........#
....z...........)...#
........(.......(..##
.........(.......K##
..........(.....@##
...........<....##
.#######(.####### .
#.## #.# #.# #.# #.#
#.


You could see Pikel.

Vanquished Creatures
  Sigmund (D:4)
  Eustachio (D:6)
  Duvessa (D:5)
  A water moccasin (D:6)
  2 ice beasts
  A sky beast (D:5)
  3 slaves
  A phantom (D:4)
  3 centaurs
  2 bullfrogs (Sewer)
  Dowan (D:5)
  A scorpion (D:6)
  3 wights (D:6)
  A bullfrog zombie (D:6)
  2 jellies (D:5)
  5 orc wizards
  An orc priest (D:3)
  2 bullfrog skeletons (D:6)
  A hound (D:4)
  A killer bee zombie (D:6)
  A hound skeleton (D:6)
  Robin (D:2)
  2 gnolls (D:1)
  12 adders
  3 river rats (Sewer)
  2 shadow imps (D:5)
  An ooze (D:1)
  An adder zombie (D:5)
  An adder skeleton (D:6)
  A worm (D:2)
  2 dart slugs
  8 leopard geckos
  18 orcs
  9 bats
  7 giant cockroaches
  11 goblins
  11 hobgoblins
  6 jackals
  3 quokkas
  9 ball pythons (Sewer)
  9 frilled lizards
  A jackal skeleton (D:6)
  7 kobolds
  34 rats
194 creatures vanquished.

Vanquished Creatures (others)
  A gnoll (D:6)
1 creature vanquished.

Grand Total: 195 creatures vanquished

Notes
Turn   | Place    | Note
-------+----------+-------------------------------------------
     0 | D:1      | grindst0ne the Gargoyle Fighter began the quest for the
                  | Orb.
     0 | D:1      | Reached XP level 1. HP: 14/14 MP: 1/1
   174 | D:1      | Reached XP level 2. HP: 17/19 MP: 2/2
   198 | D:1      | Reached XP level 3. HP: 14/23 MP: 3/3
  1140 | D:2      | Reached XP level 4. HP: 26/29 MP: 4/4
  1195 | D:2      | Found a burning altar of Makhleb.
  1302 | D:2      | Found a white marble altar of Elyvilon.
  1690 | D:3      | Noticed Robin
  1702 | D:2      | Killed Robin
  1986 | D:3      | Reached XP level 5. HP: 15/33 MP: 5/5
  2308 | D:3      | Found a shimmering blue altar of Sif Muna.
  2408 | D:3      | Noticed an ogre
  2420 | D:3      | Noticed a centaur
  2420 | D:3      | an ogre changed into a centaur
  2423 | D:3      | Killed a centaur
  2423 | D:3      | Reached XP level 6. HP: 39/39 MP: 6/6
  2931 | D:4      | Noticed Sigmund
  2991 | D:4      | Killed Sigmund
  2991 | D:4      | Reached skill level 5 in Fighting
  2991 | D:4      | Reached skill level 5 in Armour
  2991 | D:4      | Reached skill level 5 in Shields
  2991 | D:4      | Reached XP level 7. HP: 26/44 MP: 7/7
  3373 | D:4      | Found a glowing drain.
  3386 | Sewer    | Entered a sewer
  3768 | Sewer    | Reached XP level 8. HP: 45/51 MP: 8/8
  4271 | D:5      | Entered Level 5 of the Dungeon
  4335 | D:5      | Noticed Duvessa
  4335 | D:5      | Noticed Dowan
  4354 | D:5      | Killed Duvessa
  4372 | D:5      | Killed Dowan
  4956 | D:5      | Reached skill level 5 in Axes
  5054 | D:5      | Found a sacrificial altar of Ru.
  5854 | D:6      | Noticed Eustachio
  5899 | D:6      | Killed Eustachio
  5899 | D:6      | Reached XP level 9. HP: 16/56 MP: 9/9
  6352 | D:6      | Found an iron altar of Okawaru.
  6673 | D:6      | Noticed Pikel
  6928 | D:6      | HP: 1/57 [acid (19)]
  6928 | D:6      | Killed from afar by Pikel

Illustrated notes

Levels and vault maps discovered:
D:1:      wander_arrival_peaceful_grave, layout_loops_ring, minmay_tetromino_t2
D:2:      layout_rooms, nicolae_overflow_crystal_walls, marbit_many_paths,
          first_ration
D:3:      layout_basic, overflow_temple_1_default, kennysheep_generic_room_7,
          uniq_robin
D:4:      layout_loops_cross, portal_sewer_entry_f, uniq_sigmund
D:5:      layout_layer_cave, nicolae_ru_sacrificial_ziggurat,
          wad_rectangle_vault, uniq_duvessa
D:6:      layout_rooms, grunt_temple_overflow_bloody_war, uniq_pikel,
          uniq_eustachio, uniq_maggie

Skill      XL: |  1  2  3  4  5  6  7  8  9 |
---------------+----------------------------+-----
Axes           | 2 3 4 5 |  5.7
Armour         | 4 5 6 7 |  7.4
Shields        | 4 5 6 7 |  7.4
Fighting       | 4 5 6 7 |  7.4

Action                   |  1- 3 |  4- 6 |  7- 9 || total
-------------------------+-------+-------+-------++-------
Melee: War axe           |   142 |   147 |   435 ||   724
Throw: Dart              |       |    12 |    32 ||    44
       Boomerang         |       |       |    10 ||    10
Evoke: Wand              |       |     1 |       ||     1
  Use: Potion            |       |     5 |     5 ||    10
       Scroll            |       |       |    12 ||    12
  Eat: Chunk             |     1 |     5 |    15 ||    21
Armor: Scale mail        |   104 |    97 |   274 ||   475
Dodge: Dodged            |    49 |    60 |   166 ||   275
Block: Kite shield       |    76 |   115 |   367 ||   558
